 Dungeon Crawl Stone Soup version 0.27.1-1-g398f81649c (webtiles) character file.

Game seed: 11699768368008621308

362 Metae the Covered (level 6, -4/56 HPs)
             Began as a Minotaur Fighter on Sept 8, 2021.
             Slain by an ogre (12 damage)
             ... on level 4 of the Dungeon.
             The game lasted 00:11:12 (3128 turns).

Metae the Covered (Minotaur Fighter)                Turns: 3128, Time: 00:11:12

Health: -4/56      AC: 10    Str: 23    XL:     6   Next: 39%
Magic:  5/5        EV:  3    Int:  5    God:
Gold:   133        SH: 10    Dex:  9    Spells: 5/5 levels left

rFire    . . .     SeeInvis .   a - +0 trident
rCold    . . .     Faith    .   c - +0 kite shield
rNeg     . . .     Spirit   .   g - +0 chain mail
rPois    .         Reflect  .   (helmet restricted)
rElec    .         Harm     .   (no cloak)
rCorr    .         Rampage  .   (no gloves)
Will     .....                  (no boots)
Stlth    ..........             (no amulet)
HPRegen  0.18/turn              (no ring)
MPRegen  0.09/turn              (no ring)

@: mighty, lethally poisoned (-4 -> -11), constricted
A: horns 2, retaliatory headbutt
a: no special abilities


You were on level 4 of the Dungeon.
You visited 1 branch of the dungeon, and saw 4 of its levels.

You collected 133 gold pieces.

Inventory:

Hand Weapons
 a - a +0 trident (weapon)
 p - a +0 scythe
Armour
 b - a +0 scale mail
 c - a +0 kite shield (worn)
 g - a +0 chain mail (worn)
Magical Staves
 r - a staff of poison
Jewellery
 m - an amulet of magic regeneration
Scrolls
 f - 4 scrolls of identify
 h - a scroll of immolation {unknown}
 j - a scroll of amnesia {unknown}
 k - a scroll of noise {unknown}
 q - a scroll of acquirement {unknown}
 s - a scroll of teleportation {unknown}
Potions
 e - a potion of curing
 i - 2 potions of brilliance {unknown}
 l - 2 potions of degeneration {unknown}
 n - a potion of mutation {unknown}
 o - 2 potions of flight {unknown}


   Skills:
 * Level 5.4 Fighting
 * Level 4.9 Polearms
 * Level 5.5 Armour
 + Level 4.6 Shields


You had 5 spell levels left.
You didn't know any spells.
Your spell library contained the following spells:

 Spells                   Type           Power      Damage    Failure   Level
 Pain                     Necr           0%         1d4       100%        1
 Agony                    Necr           0%         N/A       100%        5
 Excruciating Wounds      Necr           0%         N/A       100%        5


Dungeon Overview and Level Annotations

Branches:
Dungeon (4/15)
 Temple: D:4-7

Altars:


Innate Abilities, Weirdness & Mutations

You have a pair of horns on your head.
You reflexively headbutt those who attack you in melee.


Message History

The bush is lightly damaged.
The ball python bites you but does no damage.
The ball python barely misses you. You block the ogre's attack.
A sky beast appears from thin air!
Reactivating autopickup.
You hit the bush.
You headbutt the bush, but do no damage.
The bush is lightly damaged.
You block the ball python's attack. x2; The goblin hits you but does no damage.
The ogre barely misses you. The ball python barely misses you.
You block the ball python's attack. The goblin hits you but does no damage.
There are monsters nearby!
You closely miss the ball python.
The ball python is severely wounded.
The scorpion stings you. You block the ball python's attack.
The ball python grabs you. The ball python constricts you.
The ogre hits you with a +0 giant club!
The necrophage hits you but does no damage.
The goblin hits you but does no damage. The scorpion stings you.
The ball python completely misses you. The ball python constricts you.
You aren't wearing any rings or amulets.
You feel very mighty all of a sudden.
The jackal bites the bush.
You block the necrophage's attack. The scorpion stings you.
The goblin hits you with a +0 club. You block the ogre's attack.
The ball python bites you but does no damage.
The ball python constricts you.
The jackal bites the bush but does no damage.
You puncture the necrophage! Your headbutt misses the necrophage.
The necrophage is severely damaged.
The scorpion stings you!
* * * LOW HITPOINT WARNING * * *
You are poisoned.
The scorpion poisons you! You block the necrophage's attack.
The jackal bites the bush but does no damage.
The ball python bites you but does no damage.
The ball python constricts you. The goblin hits you with a +0 club.
* * * LOW HITPOINT WARNING * * *
The ogre hits you with a +0 giant club!
You die...

..♣...♣..
#...♣♣.P.♣♣....###.....
.........
#..♣♣♣...♣♣P...# ##..
.. #...♣..........# ..
#..♣P.P.......##
#..............#
#...♣♣...♣♣♣...# ..♣...
##..♣♣♣.P.♣ ♣...#
.......
#.....PP..♣♣♣....#
..♣...♣
#...hs@n........#
.......
#....gSO.........
..♣...♣
####..Y.........
....... #............
..♣...♣ #............
....... ###..........
..♣...♣ #.#.#######
....... #...# ..♣...♣
.....


You could see a sky beast, an ogre, a necrophage, a scorpion, a jackal, a goblin
and a ball python.

Vanquished Creatures
  A phantom (D:4)
  A hound (D:4)
  A jelly (D:3)
  Natasha (thrice) (D:3)
  3 gnolls (D:2)
  5 adders
  3 worms
  A dart slug (D:2)
  An orc (D:3)
  8 ball pythons
  8 endoplasms
  4 giant cockroaches
  7 goblins
  4 hobgoblins (D:1)
  4 jackals (D:4)
  3 quokkas
  2 frilled lizards
  7 kobolds
  8 rats
74 creatures vanquished.

Vanquished Creatures (others)
  8 fungi (D:4)
8 creatures vanquished.

Grand Total: 82 creatures vanquished

Notes
Turn   | Place    | Note
-------+----------+-------------------------------------------
     0 | D:1      | Metae the Minotaur Fighter began the quest for the Orb.
     0 | D:1      | Reached XP level 1. HP: 19/19 MP: 0/0
   175 | D:1      | Reached XP level 2. HP: 24/27 MP: 1/1
   226 | D:1      | Found a faded altar of an unknown god.
   839 | D:2      | Reached XP level 3. HP: 27/33 MP: 2/2
  1243 | D:2      | Reached XP level 4. HP: 41/41 MP: 3/3
  1591 | D:3      | Reached XP level 5. HP: 47/47 MP: 4/4
  1594 | D:3      | Noticed Natasha
  1616 | D:3      | Killed Natasha
  1629 | D:3      | Noticed Natasha
  1636 | D:3      | Killed Natasha
  1637 | D:3      | Reached skill level 5 in Fighting
  1892 | D:3      | Reached skill level 5 in Armour
  2114 | D:3      | Noticed Natasha
  2136 | D:3      | Killed Natasha
  2674 | D:4      | Reached XP level 6. HP: 52/56 MP: 5/5
  3113 | D:4      | Noticed a sky beast
  3128 | D:4      | Slain by an ogre

Illustrated notes

Levels and vault maps discovered:
D:1:      saegor_arrival_under_anarchy, layout_loops_ring,
          dreamdust_ecumenical_altar_angels_and_demons, minmay_pentomino_u4
D:2:      minmay_wonky_spiral, layout_rooms, minivault_11,
          kennysheep_big_empty_room, kennysheep_decorative_pillar,
          minmay_ruptured
D:3:      layout_rooms, st_stairs_5, chequers_mini_garden,
          chequers_serial_rivers_large_a, uniq_natasha
D:4:      layout_cave_pods, serial_park, serial_park_avenue1,
          serial_park_square2, serial_park_square3
          [serial_park_minivault_5x5_2], serial_park_square1
          [serial_park_minivault_5x5_6], st_stairs_11, minmay_misc_feat_tower,
          uniq_duvessa

Skill      XL: |  1  2  3  4  5 |
---------------+----------------+-----
Polearms       | 3 4 |  4.9
Fighting       | 4 5 |  5.4
Armour         | 4 5 |  5.5
Shields        | 4 |  4.6

Action                   |  1- 3 |  4- 6 || total
-------------------------+-------+-------++-------
Melee: Trident           |   101 |   166 ||   267
       Headbutt          |    11 |    25 ||    36
  Use: Scroll            |       |     1 ||     1
       Potion            |       |     1 ||     1
Armor: Scale mail        |     8 |       ||     8
       Chain mail        |    31 |    80 ||   111
Dodge: Dodged            |    16 |    44 ||    60
Block: Kite shield       |    36 |   100 ||   136
